Map: [ESL] Gresvan

Players

PiG - Winner!

  • Race: Zerg Zerg
  • League: Master
  • Spawn Location: 11:00

RanOutOfName

  • Race: Protoss Protoss
  • League: Platinum
  • Spawn Location: 5:00

VOD

Have the link to the VOD?

Description

Time

  • Played on: April 11, 2023, 6:43 p.m.
  • Length: 13:02
Show
View Real Time Build Order
Export as new Build Order

PiG Zerg - Winner!

Build Orders: Hatch First 

Get SALT Encoding   

  12  0:01  Drone  
  13  0:13  Overlord  
  13  0:17  Drone  
  14  0:31  Drone x2  
  16  0:37  Drone  
  17  0:48  Drone  
  18  0:57  Drone  
  19  1:02  Hatchery  
  18  1:14  Extractor  
  18  1:16  Spawning Pool  
  18  1:18  Drone  
  17  1:22  Drone  
  18  1:31  Drone  
  19  1:46  Overlord  
  19  1:51  Drone  
  20  2:06  Queen  
  22  2:14  Zergling x4  
  24  2:15  Queen  
  24  2:19  Overlord  
  24  2:22  Metabolic Boost  
  26  2:29  Drone x2  
  28  2:42  Drone x2  
  30  2:48  Hatchery  
  29  3:00  Drone  
  29  3:01  Drone x2  
  29  3:04  Queen  
  34  3:07  Overlord  
  34  3:32  Drone x6  
  40  3:39  Zergling x6  
  43  4:05  Drone x8  
  43  4:07  Drone x2  
  43  4:08  Overlord  
  53  4:11  Overlord  
  53  4:16  Extractor  
  52  4:19  Baneling Nest  
  52  4:20  Drone x3  
  54  4:30  Queen x2  
  58  4:35  Zergling x18  
  67  4:38  Overlord x2  
  67  4:46  Overlord x2  
  70  5:00  Drone x3  
  70  5:04  Baneling x6  
  69  5:21  Zergling x20  
  73  5:40  Zergling x12  
  78  5:43  Spore Crawler  
  78  5:45  Spore Crawler  
  78  5:47  Spore Crawler  
  78  5:49  Lair  
  68  5:59  Spore Crawler  
  66  6:09  Drone x13  
  66  6:10  Drone  
  80  6:38  Drone x4  
  84  6:41  Drone x3  
  87  6:49  Spine Crawler  
  86  6:58  Queen  
  88  7:11  Drone x3  
  88  7:15  Overlord x5  
  91  7:16  Zergling x2  
  91  7:17  Zergling x14  
  99  7:23  Hatchery  
  99  7:24  Drone x3, Hatchery  
  99  7:25  Evolution Chamber  
  99  7:26  Evolution Chamber  
  98  7:44  Zergling x18  
  107  7:54  Baneling  
  107  7:55  Baneling x6  
  107  8:00  Hatchery  
  107  8:02  Hatchery  
  105  8:06  Extractor  
  105  8:08  Extractor  
  105  8:10  Drone  
  105  8:11  Drone x2  
  106  8:13  Drone x3  
  109  8:23  Centrifugal Hooks  
  109  8:25  Zerg Melee Weapons Level 1  
  109  8:30  Overlord x5  
  109  8:31  Zergling x12  
  115  8:43  Zerg Ground Armor Level 1  
  115  8:46  Zergling x4  
  115  8:47  Zergling x8  
  121  8:56  Queen  
  123  9:07  Baneling x12  
  123  9:09  Zergling x32  
  138  9:13  Overseer  
  133  9:29  Zergling x26  
  133  9:30  Overlord x2  
  133  9:31  Overlord  
  146  9:42  Infestation Pit  
  145  10:03  Baneling x14  
  145  10:08  Zergling x42  
  145  10:10  Zergling x8  
  107  10:37  Zergling x38  
  124  10:46  Zergling x18  
  131  11:09  Baneling  
  131  11:10  Baneling x32  
  131  11:16  Zergling x30  
  146  11:21  Drone x4  
  147  11:33  Drone x7  
  147  11:38  Hive  
Show
View Real Time Build Order
Export as new Build Order

RanOutOfName Protoss 

Build Orders: 1 Gate Expand, Mass Adepts, Zealot Archon 

Get SALT Encoding   

  12  0:00  Probe  
  13  0:14  Pylon  
  13  0:17  Probe (Chrono Boost)  
  14  0:27  Probe (Chrono Boost)  
  15  0:32  Probe (Chrono Boost)  
  16  0:39  Gateway  
  16  0:44  Probe  
  17  0:50  Assimilator  
  17  0:56  Probe  
  18  1:08  Probe  
  19  1:20  Probe  
  20  1:27  Nexus  
  20  1:35  Cybernetics Core  
  20  1:37  Probe  
  21  1:42  Assimilator  
  21  1:49  Probe  
  21  1:53  Pylon  
  22  2:04  Probe  
  23  2:09  Adept (Chrono Boost)  
  23  2:12  Warp Gate  
  25  2:16  Probe  
  26  2:23  Twilight Council  
  26  2:28  Probe  
  27  2:31  Stalker  
  29  2:39  Probe  
  29  2:40  Probe  
  31  2:51  Probe, Robotics Facility  
  31  2:52  Probe  
  33  3:04  Probe  
  33  3:05  Probe  
  35  3:06  Resonating Glaives (Chrono Boost)  
  35  3:08  Gateway  
  35  3:16  Probe  
  35  3:17  Probe  
  37  3:21  Adept  
  39  3:28  Gateway  
  39  3:33  Gateway  
  39  3:37  Warp Prism (Chrono Boost)  
  41  3:47  Probe  
  42  3:52  Pylon  
  42  4:01  Adept  
  44  4:04  Adept  
  46  4:22  Dark Shrine  
  46  4:26  Adept x2  
  46  4:27  Adept x2  
  54  4:31  Pylon  
  54  4:48  Pylon  
  54  4:49  Probe x2  
  54  4:50  Adept x3  
  62  4:59  Pylon  
  62  5:01  Assimilator  
  62  5:03  Assimilator  
  62  5:35  Dark Templar  
  54  5:37  Dark Templar x2  
  54  5:44  Nexus  
  54  5:47  Nexus  
  46  6:11  Charge (Chrono Boost)  
  46  6:13  Pylon  
  46  6:17  Probe (Chrono Boost)  
  46  6:18  Probe (Chrono Boost)  
  48  6:27  Stalker  
  48  6:28  Stalker x2  
  48  6:29  Probe (Chrono Boost)  
  48  6:30  Probe (Chrono Boost)  
  56  6:33  Shield Battery  
  56  6:36  Gateway  
  56  6:37  Probe (Chrono Boost)  
  56  6:38  Probe, Gateway  
  56  6:39  Forge  
  58  6:48  Observer (Chrono Boost)  
  58  6:49  Probe  
  58  6:50  Probe  
  61  7:01  Zealot x4  
  64  7:04  Observer  
  64  7:08  Gateway  
  69  7:10  Gateway  
  69  7:12  Probe x3  
  72  7:24  Probe x3, Zealot x4  
  83  7:35  Dark Templar x2, Protoss Ground Weapons Level 1 (Chrono Boost)  
  87  7:39  Archon  
  87  7:41  Probe  
  87  7:42  Probe x2  
  90  7:46  Dark Templar x2  
  90  7:50  Archon  
  94  7:54  Probe  
  94  7:56  Probe x2  
  97  8:06  Probe  
  97  8:08  Probe  
  97  8:12  Probe  
  100  8:18  Probe  
  101  8:20  Pylon x2  
  101  8:22  Pylon  
  101  8:24  Pylon  
  101  8:31  Pylon  
  101  8:38  Probe x2  
  101  8:41  Zealot x8  
  119  8:58  Templar Archives  
  119  9:03  Assimilator  
  119  9:26  Assimilator  
  119  9:31  Protoss Ground Weapons Level 2  
  119  9:36  High Templar x6  
  131  9:38  Zealot x2  
  135  9:46  Gateway  
  135  9:49  Gateway  
  135  9:50  Gateway, Archon x3  
  135  9:52  Gateway  
  135  10:17  Zealot x3  
  135  10:18  Zealot  
  127  10:25  Zealot x3  
  127  10:26  Zealot  
  59  10:40  Zealot x4  
  44  10:48  Sentry x3  
  44  10:49  Stalker x3  
  53  10:50  Stalker x2  
  57  11:02  High Templar x4  
  65  11:07  Archon x2  
  65  11:25  Zealot  
  65  11:26  Zealot x7  
  73  11:52  Zealot x5  
  73  11:53  Zealot x6  
Tags
 
Add a new tag
Caveats
  • Supply blocks, unpowered buildings, or Contaminate may cause inaccurate times.
  • Supply counts are checked every 10 seconds.